 Dungeon Crawl Stone Soup version 0.23-a0-550-g7de1f8ee9f (console) character file.

75 Harunobu the Skirmisher (level 4, 0/50 HPs)
             Began as an Ogre Berserker on Dec 8, 2018.
             Was a Believer of Trog.
             Succumbed to an orc's poison
             ... on level 2 of the Dungeon.
             The game lasted 00:02:35 (1944 turns).

Harunobu the Skirmisher (Ogre Berserker)            Turns: 1944, Time: 00:02:36

Health: 0/50       AC:  2    Str: 22    XL:     4   Next: 31%
Magic:  4/4        EV: 10    Int:  8    God:    Trog [**....]
Gold:   61         SH:  0    Dex:  8    Spells: 3/3 levels left

rFire    . . .     SeeInvis .   a - +1 mace
rCold    . . .     Gourm    .   (no shield)
rNeg     . . .     Faith    .   b - +0 animal skin
rPois    .         Spirit   .   (helmet restricted)
rElec    .         Reflect  .   m - -2 cloak (curse)
rCorr    .         Harm     .   (gloves unavailable)
MR       .....                  (boots unavailable)
Stlth    +.........             (no amulet)
HPRegen  0.16/turn              (no ring)
MPRegen  0.09/turn              (no ring)

@: lethally poisoned (0 -> -20), berserk cooldown, slowed, very slow
A: large, unfitting armour, tough skin 1
a: Berserk, Trog's Hand, Renounce Religion


You were on level 2 of the Dungeon.
You worshipped Trog.
Trog was pleased with you.
You were very hungry.

You visited 1 branch of the dungeon, and saw 2 of its levels.

You collected 61 gold pieces.

Inventory:

Hand Weapons
 a - a +1 mace (weapon)
 h - a +0 whip
Armour
 b - a +0 animal skin (worn)
 m - a cursed -2 cloak (worn)
Scrolls
 e - a scroll of fear
Potions
 d - a potion of flight {unknown}
 f - a potion of mutation {unknown}
 i - a potion of degeneration {unknown}
 j - a potion of heal wounds {unknown}
 k - 3 potions of curing {unknown}
Comestibles
 c - a ration
 g - 8 chunks of flesh


   Skills:
 + Level 5.1 Fighting
 + Level 3.7 Maces & Flails
 + Level 3.0 Dodging
 + Level 0.1 Stealth


You had 3 spell levels left.
You didn't know any spells.
Your spell library was empty.

Dungeon Overview and Level Annotations

Branches:
Dungeon (2/15)

Altars:
Okawaru


Innate Abilities, Weirdness & Mutations

You are too large for most types of armour.
You have tough skin. (AC +1)


Message History

The orc is severely wounded.
* * * LOW HITPOINT WARNING * * *
You feel very sick.
The kobold shouts!
The orc barely misses you.
The orc hits you with a +0 hand axe of venom.
* * * LOW HITPOINT WARNING * * *
You are more poisoned.
You sock the orc!
You kill the orc!
Trog accepts your kill.
* * * LOW HITPOINT WARNING * * *
You feel very sick.
The kobold throws a stone.
The stone barely misses you.
* * * LOW HITPOINT WARNING * * *
You feel very sick.
There is a lethal amount of poison in your body!
There is a lethal amount of poison in your body!
There is a lethal amount of poison in your body!
You die...

#. #. #.## #...
#..####### .#
#..##.(#.# #..#
#..#.##@##...#
#...##.#)...#
#..###.#...#.#
#..# ....8.#
###..##.#8#K.#
####
#....####.....
...# #....#
##..... ...#
#.<..#######.###
.).#
#>............


You could see a kobold.

Vanquished Creatures
  An adder (D:2)
  2 oozes (D:1)
  2 dart slugs (D:1)
  A leopard gecko (D:2)
  3 orcs (D:2)
  2 giant cockroaches
  6 goblins
  7 hobgoblins
  4 jackals
  A quokka (D:2)
  2 bats (D:2)
  7 frilled lizards
  5 kobolds
  3 rats (D:2)
46 creatures vanquished.

Notes
Turn   | Place    | Note
-------+----------+-------------------------------------------
     0 | D:1      | Harunobu the Ogre Berserker began the quest for the Orb.
     0 | D:1      | Reached XP level 1. HP: 24/24 MP: 1/1
   251 | D:1      | Reached XP level 2. HP: 16/32 MP: 2/2
  1138 | D:1      | Reached XP level 3. HP: 25/40 MP: 3/3
  1743 | D:2      | Reached skill level 5 in Fighting
  1767 | D:2      | Reached ** piety under Trog
  1769 | D:2      | Found an iron altar of Okawaru.
  1798 | D:2      | Reached XP level 4. HP: 45/50 MP: 4/4
  1944 | D:2      | Succumbed to an orc's poison

Vault maps used:
D:1:      elethiomel_arrival_infinity_welcomes_careful_drivers
D:2:      doesnt_xom_only_xom, lemuel_crystal_altar, guppyfry_early_orc_mine,
          uniq_sigmund

Skill      XL: |  1  2  3 |
---------------+----------+-----
Maces & Flails | 3 |  3.7
Dodging        | 3 |  3.0
Fighting       | 5 |  5.1
Stealth        | |  0.1

Action                   |  1- 3 |  4- 6 || total
-------------------------+-------+-------++-------
Melee: Mace              |    91 |    33 ||   124
Invok: Berserk           |     3 |     1 ||     4
  Use: Scroll            |     3 |     1 ||     4
  Eat: Chunk             |     6 |       ||     6
Armor: Animal skin       |    13 |     7 ||    20
Dodge: Dodged            |    71 |    21 ||    92

Table legend:
 A = Non-vault XP
 B = Vault XP
 C = Vault XP percentage of total XP
 D = Non-vault monster count
 E = Vault monster count
 F = Vault count percentage of total count
                 A         B        C        D         E       F
            +---------+---------+-------+---------+---------+-------
      Total |      91 |      17 |  15.7 |      39 |       7 |  15.2
            +---------+---------+-------+---------+---------+-------
        D:1 |      45 |       0 |   0.0 |      18 |       0 |   0.0
        D:2 |      46 |      17 |  27.0 |      21 |       7 |  25.0
            +---------+---------+-------+---------+---------+-------
